 Dungeon Crawl Stone Soup version 0.28-a0-1493-g08698888e4 (webtiles) character file.

Game seed: 5317665499236476573

58 croobank the Insei (level 3, -5/29 HPs)
             Began as a Draconian Transmuter on Jan 12, 2022.
             Slain by a phantom (6 damage)
             ... on level 2 of the Dungeon.
             The game lasted 00:04:44 (1682 turns).

croobank the Insei (Draconian Transmuter)           Turns: 1682, Time: 00:04:51

Health: -5/29      AC:  5    Str: 12    XL:     3   Next: 76%
Magic:  4/6        EV: 12    Int: 13    God:
Gold:   26         SH:  0    Dex: 13    Spells: 4/7 levels left

rFire   . . .      SeeInvis .   a - +1 dagger (venom)
rCold   + . .      Faith    .   (no shield)
rNeg    . . .      Spirit   .   (armour unavailable)
rPois   +          Reflect  .   (helmet currently unavailable)
rElec   .          Harm     .   (no cloak)
rCorr   .          Rampage  .   (no gloves)
Will    .....                   (boots currently unavailable)
Stlth   +.........              (no amulet)
HPRegen 0.09/turn               b - ring of protection from cold
MPRegen 0.10/turn               k - ring of poison resistance

@: appendages (expiring), wereblooded (expiring)
A: horns 2, talons 2, AC +5, unfitting armour, cold-blooded
a: End Transformation


You were on level 2 of the Dungeon.
You had temporarily grown beastly horns and talons.
You visited 1 branch of the dungeon, and saw 2 of its levels.

You collected 26 gold pieces.

Inventory:

Hand Weapons
 a - a +1 dagger of venom (weapon)
 j - a +0 mace
Missiles
 f - 15 poisoned darts
 h - 9 sling bullets
 i - 48 stones
Jewellery
 b - a ring of protection from cold (left hand)
 k - a ring of poison resistance (right hand)
Scrolls
 c - a scroll of identify {unknown}
 e - a scroll of amnesia {unknown}
Potions
 d - a potion of heal wounds {unknown}
 g - 2 potions of curing {unknown}
 l - a potion of haste {unknown}


   Skills:
 + Level 2.0 Fighting
 + Level 0.5 Short Blades
 - Level 1.0 Maces & Flails
 + Level 2.3 Dodging
 - Level 3.0 Unarmed Combat
 + Level 2.5 Spellcasting
 + Level 2.5 Transmutations


You had 4 spell levels left.
You knew the following spells:

 Your Spells              Type           Power      Damage    Failure   Level
a - Beastly Appendage     Tmut           16%        N/A       9%          1
b - Wereblood             Tmut           8%         N/A       13%         2

Your spell library contained the following spells:

 Spells                   Type           Power      Damage    Failure   Level
 Spider Form              Tmut/Pois      4%         N/A       41%         3
 Ice Form                 Ice/Tmut       4%         N/A       82%         4


Dungeon Overview and Level Annotations

Branches:
Dungeon (2/15)

Altars:

Shops:
D:2 [


Innate Abilities, Weirdness & Mutations

You have temporarily grown beastly horns and talons.
Your plain brown scales are hard. (AC +5)
You cannot fit into any form of body armour.
You are cold-blooded and may be slowed by cold attacks.


Message History

The phantom hits you!
You barely miss the phantom. You headbutt the phantom!
The phantom is moderately damaged.
The phantom hits you.
The phantom blinks!
You blink.
A hobgoblin comes into view.
Your transformation is almost over.
You completely miss the phantom.
The phantom is moderately damaged.
The phantom closely misses you.
You hit the phantom but do no damage. Your headbutt misses the phantom.
You punch the phantom, but do no damage.
The phantom is moderately damaged.
The phantom hits you.
You barely miss the phantom. Your kick misses the phantom.
The phantom is moderately damaged.
The phantom closely misses you.
You barely miss the phantom. You headbutt the phantom!
The phantom is heavily damaged.
The phantom barely misses you.
You hit the phantom but do no damage. You claw the phantom, but do no damage.
The phantom is heavily damaged.
The phantom misses you.
You hit the phantom but do no damage. Your headbutt misses the phantom.
Your tail-slap misses the phantom.
The phantom is heavily damaged.
The phantom hits you.
* * * LOW HITPOINT WARNING * * *
You hit the phantom.
The phantom is heavily damaged.
The phantom hits you!
* * * LOW HITPOINT WARNING * * *
The phantom blinks!
You blink.
You barely miss the phantom. Your kick misses the phantom.
Your headbutt misses the phantom.
You tail-slap the phantom, but do no damage.
The phantom is heavily damaged.
Your primal bloodlust is almost over.
The hobgoblin shouts!
The phantom hits you.
You die...

#.# ... #.# ###
#.#... # ####.#.##
#.#####.......##.#
#........ยง.......#
######.#####.########
#...........>@W......
#.####.#####.#.g.####
#.........)+...#
#.##.#####.#...#
#.##.....#.......
#.######.###...#..
#.##.....# #.##..#
#.##.....# .. .#
#.##.....#


You could see a phantom and a hobgoblin.

Vanquished Creatures
  2 adders (D:2)
  A dart slug (D:1)
  2 bats (D:1)
  4 endoplasms
  A giant cockroach (D:1)
  2 hobgoblins
  4 jackals (D:1)
  A quokka (D:2)
  8 ball pythons
  A frilled lizard (D:1)
  2 goblins
  6 kobolds
  4 rats
38 creatures vanquished.

Notes
Turn   | Place    | Note
-------+----------+-------------------------------------------
     0 | D:1      | croobank the Draconian Transmuter began the quest for the
                  | Orb.
     0 | D:1      | Reached XP level 1. HP: 16/16 MP: 3/3
   183 | D:1      | Reached XP level 2. HP: 23/23 MP: 3/5
   519 | D:1      | Learned a level 2 spell: Wereblood
   946 | D:2      | Reached skill level 1 in Maces & Flails
   946 | D:2      | Reached XP level 3. HP: 19/29 MP: 6/6
  1574 | D:2      | Found Surgh's Antique Armour Shop.
  1666 | D:2      | Noticed a phantom
  1681 | D:2      | HP: 1/29 [phantom (7)]
  1682 | D:2      | Slain by a phantom

Illustrated notes

Levels and vault maps discovered:
D:1:      lemuel_arrival_rhombus, layout_basic
D:2:      layout_basic, serial_shops, nicolae_shop_stone,
          dreamdust_ecumenical_altar_angels_and_demons

Skill      XL: |  1  2  3 |
---------------+----------+-----
Dodging        | 2 |  2.3
Maces & Flails | 1 |  1.0
Fighting       | 2 |  2.0
Short Blades   | |  0.5
Unarmed Combat | |  3.0
Spellcasting   | |  2.5
Transmutations | |  2.5

Action                   || total
-------------------------++-------
Melee: Mace              ||    61
       Kick              ||    18
       Headbutt          ||     9
       Tailslap          ||     5
       Dagger            ||    30
       Punch             ||     2
 Cast: Beastly Appendage ||    23
       Wereblood         ||     1
Armor: Skin              ||    33
Dodge: Dodged            ||    71

Table legend: (Time is in decaauts)
 A = Elapsed time spent in this place.
 B = Non-inter-level travel time spent in this place.
 C = Inter-level travel time spent in this place.
 D = Time resting spent in this place.
 E = Time spent auto-exploring this place.
 F = Levels seen in this place.
 G = Mean time per level.
                   A        B        C        D        E       F      G
               +--------+--------+--------+--------+--------+-----+--------+
         Total |   1701 |   1683 |     18 |    340 |    962 |   2 |  850.5 |
       Dungeon |   1701 |   1683 |     18 |    340 |    962 |   2 |  850.5 |
               +--------+--------+--------+--------+--------+-----+--------+

Top non-repeatable levels by time:
     D:2: 942 daAuts
     D:1: 759 daAuts
